 Dungeon Crawl Stone Soup version 0.29.0-4-gdea44cf6ec (webtiles) character file.

Game seed: 16754529045295030128

110 qw the Chopper (level 4, -3/20 (26) HPs)
             Began as a Tengu Warper on Aug 28, 2022.
             Slain by Terence
             ... wielding the +7 Throatcutter {drain, coup de grace}
              (10 damage)
             ... on level 3 of the Dungeon.
             The game lasted 00:00:14 (2909 turns).

qw the Chopper (Tengu Warper)                       Turns: 2909, Time: 00:00:14

HP:   -3/20 (26)    AC:  7    Str: 14    XL:     4   Next: 91%
MP:   8/8           EV:  9    Int: 13    God:
Gold: 197           SH:  0    Dex: 13    Spells: 7/7 levels left

rFire   . . .      SeeInvis .   Y - +0 hand axe
rCold   . . .      Faith    .   (no shield)
rNeg    . . .      Spirit   .   f - +0 scale mail
rPois   .          Reflect  .   (helmet restricted)
rElec   .          Harm     .   (no cloak)
rCorr   .          Rampage  .   h - +0 pair of gloves
Will    .....                   (boots unavailable)
Stlth   ..........              (no amulet)
HPRegen 0.06/turn               (no ring)
MPRegen 0.11/turn               (no ring)

@: heavily drained
A: beak, talons 3
a: no special abilities


You were on level 3 of the Dungeon.
You visited 1 branch of the dungeon, and saw 3 of its levels.

You collected 197 gold pieces.


Innate Abilities, Weirdness & Mutations

You have a beak for a mouth.
You have claws for feet.


   Skills:
 - Level 2.0 Fighting
 + Level 5.4 Axes
 - Level 1.0 Throwing
 - Level 1.1 Armour
 - Level 2.1 Dodging
 - Level 2.0 Spellcasting
 - Level 2.4 Translocations


You had 7 spell levels left.
You didn't know any spells.
Your spell library contained the following spells:

 Spells                   Type           Power      Damage    Failure   Level
 Blink                    Tloc           14%        N/A       54%         2
 Gell's Gravitas          Tloc           7%         N/A       77%         3
 Lesser Beckoning         Tloc           7%         N/A       77%         3
 Teleport Other           Tloc           7%         N/A       77%         3
 Manifold Assault         Tloc           7%         N/A       100%        5

Inventory:

Hand Weapons
 e - a +0 mace of protection
 Y - a +0 hand axe (weapon)
Armour
 f - a +0 scale mail (worn)
 h - a +0 pair of gloves (worn)
Jewellery
 d - the amulet of Voerruec {Acrobat rC+ rN+}
   (You found it on level 3 of the Dungeon)

   [amulet of the acrobat]

   It increases your evasion while moving and waiting.
   rC:        It protects you from cold.
   rN:        It protects you from negative energy.
Scrolls
 a - 2 scrolls of identify
Potions
 b - a potion of lignification {unknown}
 c - a potion of mutation {unknown}
 i - 2 potions of curing {unknown}

Dungeon Overview and Level Annotations

Branches:
Dungeon (3/15)

Altars:

Shops:
D:2 (

Annotations:
D:3 Terence


Message History

Terence shouts!
Enter note: A bat comes into view.
You hit the bat. You claw the bat, but do no damage.
The bat is moderately wounded.
The bat barely misses you.
You slash the bat!
You kill the bat!
You barely miss Terence. Terence barely misses you.
You hit Terence. You claw Terence, but do no damage.
You peck Terence, but do no damage.
Terence is lightly wounded.
Terence hits you with the +7 Throatcutter {drain, coup de grace}.
You feel drained.
You hit Terence but do no damage. You claw Terence.
Terence is moderately wounded.
Terence hits you with the +7 Throatcutter {drain, coup de grace}.
You feel drained.
You hit Terence but do no damage. You claw Terence.
You peck Terence, but do no damage.
Terence is heavily wounded.
Terence misses you.
You completely miss Terence. You claw Terence, but do no damage.
Your peck misses Terence.
Terence is heavily wounded.
Terence closely misses you.
You hit Terence. You peck Terence, but do no damage.
Terence is heavily wounded.
Terence hits you with the +7 Throatcutter {drain, coup de grace}.
You feel drained.
You hit Terence but do no damage. You claw Terence.
Terence is heavily wounded.
Terence hits you with the +7 Throatcutter {drain, coup de grace}.
You feel drained.
You hit Terence but do no damage. You peck Terence, but do no damage.
Terence is heavily wounded.
Terence hits you with the +7 Throatcutter {drain, coup de grace}!
Ouch! That really hurt!
You die...

### #.. #..... #.#
##......... ........#.#
........#.# #.......#.#
###.##...##@#
............@......
...........#......
#.......###...... #
#.##...>......... #...
####.##.##....##.#####.
#..P ..............# #
#.# #...
#####.##.##....##.# #.#
#...
................#.# #.#
#...


You could see Terence.

Vanquished Creatures
  4 adders (D:2)
  3 worms (D:2)
  A dart slug (D:1)
  2 ball pythons (D:2)
  5 bats
  7 endoplasms
  2 giant cockroaches (D:1)
  4 goblins
  5 hobgoblins
  7 jackals
  2 kobolds (D:1)
  4 quokkas
  5 frilled lizards (D:1)
  6 rats
57 creatures vanquished.

Notes
Turn   | Place    | Note
-------+----------+-------------------------------------------
     0 | D:1      | qw the Tengu Warper began the quest for the Orb.
     0 | D:1      | Reached XP level 1. HP: 12/12 MP: 4/4
     0 | D:1      | 0 ||| qw: Version: 0.1-a-89-g26bdef1
     0 | D:1      | 0 ||| qw: Game counter: 2533
     0 | D:1      | 0 ||| qw: Always use a shield: true
     0 | D:1      | 0 ||| qw: God list: Okawaru
     0 | D:1      | 0 ||| qw: Allow faded altars: false
     0 | D:1      | 0 ||| qw: Do Orc after D:15 true
     0 | D:1      | 0 ||| qw: Do second Lair branch before Depths: true
     0 | D:1      | 0 ||| qw: Lair rune preference: random
     0 | D:1      | 0 ||| qw: Plans: Normal
     0 | D:1      | 0 ||| PLANNING D:1-11
    26 | D:1      | 26 ||| Stepping ~*~*~tactically~*~*~ (stealth).
    27 | D:1      | 27 ||| Stepping ~*~*~tactically~*~*~ (stealth).
   160 | D:1      | 160 ||| Stepping ~*~*~tactically~*~*~ (hiding).
   166 | D:1      | Reached skill level 3 in Axes
   166 | D:1      | Reached XP level 2. HP: 17/17 MP: 6/6
   668 | D:1      | Reached XP level 3. HP: 6/21 MP: 7/7
   668 | D:1      | HP: 5/21 [jackal (1)]
  1113 | D:1      | Reached skill level 4 in Axes
  1258 | D:1      | 1258 ||| UPGRADING to +0 pair of gloves.
  1263 | D:1      | 1263 ||| READING 2 scrolls labelled KOJUPO VEGG.
  1264 | D:1      | 1264 ||| READING scroll labelled BICKACW IMIHE.
  1265 | D:1      | 1265 ||| DRINKING 2 ruby potions.
  1266 | D:1      | 1266 ||| DROPPING scroll of blinking.
  1267 | D:1      | 1267 ||| DROPPING potion of attraction.
  1600 | D:2      | 1600 ||| DROPPING +0 club.
  1866 | D:2      | Reached XP level 4. HP: 26/26 MP: 8/8
  1934 | D:2      | Found Sixkillu's Weapon Emporium.
  1938 | D:2      | 1938 ||| SHOPLISTING +1 antimagic flail (245 gold, have
                  | 104).
  1938 | D:2      | 1938 ||| SHOPLISTING +8 mithril axe "Arga" {speed, Will+}
                  | (904 gold, have 104).
  2118 | D:2      | Reached skill level 5 in Axes
  2119 | D:2      | 2119 ||| Stepping ~*~*~tactically~*~*~ (stealth).
  2593 | D:2      | 2593 ||| UPGRADING to +0 scale mail.
  2603 | D:2      | 2603 ||| DROPPING +0 leather armour.
  2604 | D:2      | 2604 ||| READING scroll labelled NEUCZOURHEPHI.
  2605 | D:2      | 2605 ||| READING scroll labelled KAKUITHR RORHUY.
  2606 | D:2      | 2606 ||| READING 2 scrolls of identify.
  2606 | D:2      | 2606 ||| IDENTIFYING dark potion
  2607 | D:2      | 2607 ||| DROPPING potion of degeneration.
  2788 | D:3      | 2788 ||| Stepping ~*~*~tactically~*~*~ (stealth).
  2828 | D:3      | Found a faded altar of an unknown god.
  2857 | D:3      | Identified the amulet of Voerruec {Acrobat rC+ rN+}
  2897 | D:3      | Noticed Terence
  2909 | D:3      | Slain by Terence

Levels and vault maps discovered:
D:1:      sevenhm_arrival_forest_fort_small_4, layout_loops_ring,
          minmay_pentomino_q2
D:2:      layout_basic, serial_shops, nicolae_shop_trees
D:3:      layout_basic, dreamdust_ecumenical_altar_grove, uniq_terence

Skill      XL: |  1  2  3  4 |
---------------+-------------+-----
Axes           | 3 4 5 |  5.4
Fighting       | |  2.0
Throwing       | |  1.0
Armour         | |  1.1
Dodging        | |  2.1
Spellcasting   | |  2.0
Translocations | |  2.4

Action                   |  1- 3 |  4- 6 || total
-------------------------+-------+-------++-------
Melee: Hand axe          |    93 |    64 ||   157
       Kick              |    25 |    23 ||    48
       Peck              |    11 |     7 ||    18
       Punch             |     1 |       ||     1
Throw: Boomerang         |     7 |       ||     7
  Use: Scroll            |     2 |     3 ||     5
       Potion            |     1 |       ||     1
Armor: Leather armour    |    28 |    11 ||    39
       Scale mail        |       |     8 ||     8
Dodge: Dodged            |    55 |    18 ||    73

Table legend:
 A = Non-vault XP
 B = Vault XP
 C = Vault XP percentage of total XP
 D = Non-vault monster count
 E = Vault monster count
 F = Vault count percentage of total count
                 A         B        C        D         E       F
            +---------+---------+-------+---------+---------+-------
      Total |     154 |       4 |   2.5 |      55 |       2 |   3.5
            +---------+---------+-------+---------+---------+-------
        D:1 |      45 |       4 |   8.2 |      25 |       2 |   7.4
        D:2 |      98 |       0 |   0.0 |      23 |       0 |   0.0
        D:3 |      11 |       0 |   0.0 |       7 |       0 |   0.0
            +---------+---------+-------+---------+---------+-------
